 Dungeon Crawl Stone Soup version 0.26-a0-737-g4e9f4955e2 (webtiles) character file.

Game seed: 15574981998825977911

665 Forecaster the Stinger (level 7, 0/57 HPs)
             Began as a Naga Venom Mage on Nov 4, 2020.
             Slain by a sky beast (5 damage)
             ... on level 6 of the Dungeon.
             The game lasted 00:25:55 (5659 turns).

Forecaster the Stinger (Naga Venom Mage)            Turns: 5659, Time: 00:25:55

Health: 0/57       AC:  3    Str: 11    XL:     7   Next: 57%
Magic:  1/13       EV: 10    Int: 16    God:
Gold:   294        SH:  0    Dex: 12    Spells: 11/14 levels left

rFire    . . .     SeeInvis +   l - +0 short sword (elec)
rCold    . . .     Faith    .   (no shield)
rNeg     . . .     Spirit   .   a - +0 robe
rPois    +         Reflect  .   (no helmet)
rElec    .         Harm     .   I - scarf {+Inv}
rCorr    .         Rampage  .   (no gloves)
MR       +....                  (no barding)
Stlth    ++........             (no amulet)
HPRegen  0.19/turn              x - ring of flight
MPRegen  0.13/turn              D - ring of protection from magic

@: very slow
A: large, see invisible, deformed body, poison resistance, slowness 2, spit
poison 1, AC +2
a: Spit Poison, Evoke Invisibility, Evoke Flight


You were on level 6 of the Dungeon.
You visited 2 branches of the dungeon, and saw 7 of its levels.

You collected 294 gold pieces.

Inventory:

Hand Weapons
 d - a +0 short sword
 g - a +0 dagger
 j - a +0 long sword
 l - a +0 short sword of electrocution (weapon)
 t - a +2 hand axe of freezing
 C - a +2 whip of freezing
 G - a +0 arbalest
 H - a +0 rapier
Armour
 a - a +0 robe (worn)
 f - a +0 leather armour
 h - a +3 chain mail
 i - a +3 scale mail
 m - a +0 cloak
 B - a +0 leather armour
 I - a scarf of invisibility (worn)
Jewellery
 x - a ring of flight (left hand)
 D - a ring of protection from magic (right hand)
Wands
 y - a wand of paralysis (8)
Scrolls
 c - 2 scrolls of amnesia
 e - a scroll of magic mapping {unknown}
 k - 2 scrolls of random uselessness
 p - 7 scrolls of remove curse
 q - 4 scrolls of fear {unknown}
 v - 3 scrolls of teleportation
 E - a scroll of enchant armour {unknown}
Potions
 b - 2 potions of cancellation
 n - 2 potions of curing {unknown}
 r - a potion of haste {unknown}
 s - a potion of flight {unknown}
 u - 2 potions of stabbing {unknown}
 w - a potion of invisibility {unknown}
 z - 2 potions of brilliance {unknown}
 A - a potion of might {unknown}


   Skills:
 + Level 1.0 Fighting
 + Level 1.3 Short Blades
 + Level 1.4 Axes
 + Level 2.3 Dodging
 + Level 3.5 Stealth
 + Level 4.0 Spellcasting
 + Level 1.7 Transmutations
 + Level 3.8 Air Magic
 + Level 6.4 Poison Magic


You had 11 spell levels left.
You knew the following spells:

 Your Spells              Type           Power        Failure   Level
a - Sting                 Tmut/Pois      ###.         3%          1
b - Poisonous Vapours     Pois/Air       ###...       3%          2

Your spell library contained the following spells:

 Spells                   Type           Power        Failure   Level
 Mephitic Cloud           Conj/Pois/Air  ##......     12%         3
 Olgreb's Toxic Radiance  Pois           ###.....     12%         4
 Ignite Poison            Fire/Tmut/Pois ##......     17%         3


Dungeon Overview and Level Annotations

Branches:
Dungeon (6/15)             Temple (1/1) D:5

Altars:
Ashenzari
Cheibriados
Dithmenos
Elyvilon
Fedhas
Gozag
Hepliaklqana
Kikubaaqudgha
Makhleb
Okawaru
Qazlal
Ru
Trog
Uskayaw
Vehumet
Wu Jian
Yredelemnul
Zin
The Shining One


Innate Abilities, Weirdness & Mutations

You cannot wear boots.
Your serpentine skin is tough. (AC +2)
You have supernaturally acute eyesight. (SInv)
Armour fits poorly on your strangely shaped body.
Your system is resistant to poisons. (rPois)
You cover ground very slowly.
You can spit poison.


Message History

You feel much better. The sky beast hits you. The sky beast shocks you.
You hit the sky beast.
The sky beast is almost dead.
The sky beast hits you. The sky beast shocks you.
* * * LOW HITPOINT WARNING * * *
You closely miss the sky beast.
The sky beast is almost dead.
The sky beast hits you.
* * * LOW HITPOINT WARNING * * *
The sky beast shocks you.
* * * LOW HITPOINT WARNING * * *
You closely miss the sky beast.
The sky beast is almost dead.
The sky beast barely misses you.
You closely miss the sky beast.
The sky beast is almost dead.
The sky beast hits you.
* * * LOW HITPOINT WARNING * * *
The sky beast shocks you.
You die...

#. ##### #.. #.... #
###.. #.### #.##....
#.### ##......# #...# .
...#.#.## ###.#
...#......###########...
#...#.#................
#....@.###(#..#####...
#.##Y####.## ######..
..l #.## ##........
..#.. ##)###.# ###.. ##
#.. ##.#..####.).. #..
##.#.#....##. ...
#.#.#.#..##. #..
#.#.#....##.
#.#.o###....


You could see a sky beast and an iguana (poisoned).

Vanquished Creatures
  A phantom (D:5)
  A bullfrog (D:6)
  A scorpion (D:4)
  A centaur zombie (D:6)
  A hound (D:4)
  2 orc priests
  2 bullfrog skeletons
  2 orc wizards (D:6)
  Terence (D:3)
  2 worker ants
  A worker ant zombie (D:6)
  7 adders
  An adder skeleton (D:6)
  2 worms
  3 leopard geckos
  18 orcs
  4 giant cockroaches
  A goblin (D:2)
  4 hobgoblins
  4 jackals
  2 quokkas
  A ball python (D:3)
  4 bats
  3 frilled lizards
  5 kobolds
  2 leopard gecko skeletons
  A quokka skeleton (D:4)
  5 rats
82 creatures vanquished.

Notes
Turn   | Place    | Note
-------+----------+-------------------------------------------
     0 | D:1      | Forecaster the Naga Venom Mage began the quest for the Orb.
     0 | D:1      | Reached XP level 1. HP: 15/15 MP: 3/3
  1030 | D:2      | Reached XP level 2. HP: 21/22 MP: 0/5
  1034 | D:2      | Learned a level 2 spell: Poisonous Vapours
  1660 | D:2      | Reached XP level 3. HP: 15/30 MP: 0/6
  1977 | D:3      | Noticed Terence
  1983 | D:3      | Killed Terence
  2124 | D:3      | Reached skill level 1 in Air Magic
  2124 | D:3      | Reached XP level 4. HP: 37/37 MP: 2/7
  2137 | D:3      | Reached skill level 5 in Poison Magic
  2284 | D:3      | Reached skill level 1 in Axes
  2877 | D:4      | Found a stormy altar of Qazlal.
  2878 | D:4      | Noticed an air elemental
  2879 | D:4      | Noticed an earth elemental
  2880 | D:4      | Noticed a water elemental
  2880 | D:4      | Noticed a fire elemental
  2936 | D:4      | Reached XP level 5. HP: 37/43 MP: 2/9
  3563 | D:4      | Reached XP level 6. HP: 50/50 MP: 7/10
  4197 | D:5      | Entered Level 5 of the Dungeon
  4365 | D:5      | Found a glowing golden altar of the Shining One.
  4493 | D:5      | Noticed a phantom
  4518 | D:5      | Found a hazy altar of Hepliaklqana.
  4559 | D:5      | Killed a phantom
  4559 | D:5      | Reached skill level 6 in Poison Magic
  4677 | D:5      | Found a staircase to the Ecumenical Temple.
  4687 | Temple   | Entered the Ecumenical Temple
  4941 | D:5      | Found a blossoming altar of Fedhas.
  4941 | D:5      | Found a broken altar of Ashenzari.
  5010 | D:5      | Reached XP level 7. HP: 51/56 MP: 12/12
  5099 | D:5      | Found an ancient bone altar of Kikubaaqudgha.
  5189 | D:6      | Reached skill level 1 in Short Blades
  5357 | D:6      | Reached skill level 1 in Fighting
  5659 | D:6      | Slain by a sky beast

Illustrated notes

Levels and vault maps discovered:
D:1:      minmay_arrival_loop, layout_basic
D:2:      layout_basic, minmay_box_of_dots
D:3:      layout_basic, minmay_vboxes, uniq_terence
D:4:      layout_loops_corners, nicolae_qazlal_style_of_elements
D:5:      layout_cave_pools, nicolae_tso_carved_into_rock,
          kennysheep_little_box, gammafunk_temple_overflow_elements,
          minmay_temple_entry_statues_fountains, basic_altar
D:6:      layout_loops_ring, nicolae_ossuary_entry_giza,
          kennysheep_generic_room_8
Temple:   regret_index_temple_generic_petals

Skill      XL: |  1  2  3  4  5  6  7 |
---------------+----------------------+-----
Air Magic      | 1 2 3 |  3.8
Poison Magic   | 5 6 |  6.4
Axes           | 1 |  1.4
Dodging        | 2 |  2.3
Spellcasting   | 3 4 |  4.0
Short Blades   | 1 |  1.3
Fighting       | 1 |  1.0
Stealth        | |  3.5
Transmutations | |  1.7

Action                   |  1- 3 |  4- 6 |  7- 9 || total
-------------------------+-------+-------+-------++-------
Melee: Dagger            |    18 |       |       ||    18
       Short sword       |     2 |    49 |    48 ||    99
       Unarmed           |     2 |       |       ||     2
       Hand axe          |    13 |    34 |       ||    47
 Cast: Sting             |    13 |    14 |     1 ||    28
       Poisonous Vapours |    17 |    43 |    17 ||    77
 Abil: Spit Poison       |       |     1 |       ||     1
  Use: Scroll            |     8 |     3 |     1 ||    12
       Potion            |       |     1 |     2 ||     3
 Stab: Sleeping          |     1 |     1 |     2 ||     4
Armor: Robe              |    18 |    18 |     6 ||    42
Dodge: Dodged            |    23 |    51 |    26 ||   100

Table legend: (Time is in decaauts)
 A = Elapsed time spent in this place.
 B = Non-inter-level travel time spent in this place.
 C = Inter-level travel time spent in this place.
 D = Time resting spent in this place.
 E = Time spent auto-exploring this place.
 F = Levels seen in this place.
 G = Mean time per level.
                   A        B        C        D        E       F      G
               +--------+--------+--------+--------+--------+-----+--------+
         Total |   7020 |   6836 |    184 |    803 |   4693 |   7 | 1002.9 |
       Dungeon |   6696 |   6584 |    112 |    803 |   4464 |   6 | 1116.0 |
        Temple |    324 |    252 |     72 |      0 |    228 |   1 |  324.0 |
               +--------+--------+--------+--------+--------+-----+--------+

Top non-repeatable levels by time:
     D:4: 1649 daAuts
     D:1: 1257 daAuts
     D:2: 1184 daAuts
     D:3: 1035 daAuts
     D:5: 931 daAuts
     D:6: 638 daAuts
  Temple: 324 daAuts
